 Seeded DCSS version 0.26.1-2-gb8aa6d0cf2 (webtiles) character file.

Game seed: 11078492930485343510 (custom seed)

14058 rocky1 the Severer (level 12, -2/92 HPs)
             Began as a Hill Orc Fighter on Mar 20, 2021.
             Was a Priest of Ru.
             Slain by a death yak (17 damage)
             ... on level 2 of the Lair of Beasts.
             The game lasted 00:31:00 (9158 turns).

rocky1 the Severer (Hill Orc Fighter)               Turns: 9158, Time: 00:31:00

Health: -2/92      AC: 10    Str: 23    XL:     12   Next: 12%
Magic:  21/21      EV: 12    Int:  8    God:    Ru [***...]
Gold:   356        SH: 12    Dex:  9    Spells: 11/11 levels left

rFire    + . .     SeeInvis .   b - +3 hand axe (vamp)
rCold    . . .     Faith    .   c - +0 kite shield
rNeg     . . .     Spirit   .   d - +0 scale mail
rPois    .         Reflect  .   u - +1 helmet
rElec    .         Harm     .   (no cloak)
rCorr    .         Rampage  .   (no gloves)
Will     .....                  (no boots)
Stlth    ..........             v - amulet of regeneration
HPRegen  0.65/turn              f - ring of protection from fire
MPRegen  0.17/turn              y - ring of magical power

@: hasted (expiring), very quick
A: clumsy 1, frail 1, no poison magic, no translocations magic, no
transmutations magic
a: Renounce Religion, Draw Out Power


You were on level 2 of the Lair of Beasts.
You worshipped Ru.
Ru was most pleased with you.
You visited 2 branches of the dungeon, and saw 10 of its levels.

You collected 724 gold pieces.
You spent 368 gold pieces at shops.

Inventory:

Hand Weapons
 a - the +7 war axe of Amorality {flame, Int+3}
   (You found it on level 7 of the Dungeon)

   It has been specially enchanted to burn those struck by it, causing extra
   injury to most foes and up to half again as much damage against particularly
   susceptible opponents.
   Big, fiery blades are also staple armaments of hydra-hunters.
   It affects your intelligence (+3).
 b - a +3 vampiric hand axe (weapon)
 B - a +0 shortbow
Missiles
 s - 4 atropa-tipped darts (quivered)
 C - 44 arrows
Armour
 c - a +0 kite shield (worn)
 d - a +0 scale mail (worn)
 e - the +8 orange crystal plate armour {Archmagi, Int+3 Clar}
   (You acquired it on level 1 of the Lair of Beasts)

   It affects your intelligence (+3).
   It protects you against confusion.
 u - a +1 helmet (worn)
Jewellery
 f - a ring of protection from fire (left hand)
 r - a +6 ring of strength {unknown}
 v - an amulet of regeneration (around neck)
 y - a ring of magical power (right hand)
Wands
 h - a wand of digging (3)
 p - a wand of paralysis (9)
Scrolls
 g - 5 scrolls of remove curse
 i - 3 scrolls of fog
 j - a scroll of silence {unknown}
 m - 3 scrolls of teleportation
 n - 6 scrolls of identify
 q - a scroll of summoning
 D - 2 scrolls of enchant armour
 F - a scroll of immolation
Potions
 k - a potion of resistance
 l - 5 potions of mutation
 o - 4 potions of curing
 t - a potion of haste
 x - a potion of flight
 z - 3 potions of brilliance
 E - 2 potions of cancellation
Miscellaneous
 A - a phantom mirror (inert)


   Skills:
 + Level 8.9 Fighting
 - Level 16.0 Axes
 + Level 9.4 Armour
 + Level 6.7 Dodging
 + Level 10.3 Shields
 + Level 2.1 Evocations


You had 11 spell levels left.
You didn't know any spells.
Your spell library contained the following spells:

 Spells                   Type           Power        Failure   Level
 Call Canine Familiar     Summ           0%           99%         3
 Summon Hydra             Summ           0%           100%        7
 Summon Forest            Summ/Tloc      Unusable     N/A         5

Dungeon Overview and Level Annotations

Branches:
Dungeon (8/15)             Temple (0/1) D:4            Lair (2/6) D:8
  Swamp: Lair:2-4    Shoals: Lair:2-4     Snake: Lair:2-4    Spider: Lair:2-4

Altars:
Ashenzari
Dithmenos
Elyvilon
Fedhas
Makhleb
Okawaru
Ru
Vehumet
Zin

Shops:
D:4 *   D:7 [   D:8 *


Innate Abilities, Weirdness & Mutations

You are clumsy. (Dex -2)
You are frail. (-10% HP)
You cannot study or cast Poison magic.
You cannot study or cast Translocations magic.
You cannot study or cast Transmutations magic.


Message History

You hit the death yak but do no damage. The death yak closely misses you.
You hit the death yak.
You feel better.
The death yak is moderately wounded.
Your scale mail prevents you from hitting the death yak.
You hit the death yak.
You feel better.
The death yak is moderately wounded.
You hit the death yak but do no damage. You block the death yak's attack.
The death yak gores you but does no damage.
You slash the death yak!
The death yak is heavily wounded.
You hit the death yak but do no damage.
Your extra speed is starting to run out.
You hit the death yak but do no damage.
The death yak is heavily wounded.
You hit the death yak.
You feel better. The death yak gores you!!
* * * LOW HITPOINT WARNING * * *
You hit the death yak.
You feel better.
The death yak is severely wounded.
You hit the death yak but do no damage. The death yak gores you!
You die...

<.............#
..............#
..............#
..........|...#
..............##
...............#
..............########.#
........P...##.#Y......#
.)......P......Y@.......
...............#........
...........####........
.....YY....# #........
.......#..## ........#
....#.P##.# ........#
.!. ... ..# ......... ..
.... ..P #......... .
..... ...


You could see 2 death yaks.

Vanquished Creatures
  3 hydras (Lair:1)
  4 death yaks (Lair:2)
  Urug (Lair:2)
  2 black mambas (Lair:1)
  3 cane toads (Lair:1)
  A polar bear (Lair:1)
  Sigmund (D:2)
  A wyvern (D:8)
  8 yaks
  A basilisk (Lair:1)
  Eustachio (D:4)
  Duvessa (D:4)
  2 water moccasins
  4 sky beasts
  5 black bears
  A phantom (D:8)
  8 wolves (Lair:1)
  A centaur (D:8)
  8 bullfrogs
  Blork the orc (D:4)
  A big kobold (D:8)
  Dowan (D:4)
  5 scorpions
  3 killer bees (D:8)
  3 wights (D:8)
  A howler monkey (D:4)
  5 hounds
  4 bullfrog skeletons
  A gnoll shaman (D:4)
  2 orc priests
  A jelly (D:8)
  2 centaur skeletons
  4 worker ants
  4 iguanas
  9 orc wizards
  4 hound skeletons
  Robin (D:2)
  11 adders
  12 gnolls
  2 shadow imps
  3 white imps
  3 oozes
  3 adder skeletons
  4 worms
  A dart slug (D:2)
  3 leopard geckos
  27 orcs
  11 bats
  6 giant cockroaches
  19 goblins
  9 hobgoblins
  6 jackals
  13 kobolds
  3 quokkas
  2 ball pythons (D:2)
  3 frilled lizards
  2 jackal skeletons (D:4)
  A jackal zombie (D:3)
  A quokka skeleton (D:4)
  10 rats
263 creatures vanquished.

Vanquished Creatures (others)
  A hound zombie (D:7)
  2 fungi (Lair:2)
  9 plants
12 creatures vanquished.

Grand Total: 275 creatures vanquished

Notes
Turn   | Place    | Note
-------+----------+-------------------------------------------
     0 | D:1      | rocky1 the Hill Orc Fighter began the quest for the Orb.
     0 | D:1      | Reached XP level 1. HP: 19/19 MP: 1/1
    38 | D:1      | Reached skill level 3 in Axes
    38 | D:1      | Reached XP level 2. HP: 6/26 MP: 2/2
   352 | D:1      | Reached skill level 4 in Axes
   352 | D:1      | Reached XP level 3. HP: 31/31 MP: 3/3
  1112 | D:2      | Reached skill level 5 in Axes
  1112 | D:2      | Reached XP level 4. HP: 15/39 MP: 4/4
  1691 | D:2      | Reached skill level 8 in Axes
  1691 | D:2      | Reached XP level 5. HP: 52/52 MP: 5/5
  1776 | D:2      | Found a shadowy altar of Dithmenos.
  1930 | D:2      | Noticed Robin
  1941 | D:2      | Killed Robin
  2100 | D:2      | Reached XP level 6. HP: 60/60 MP: 6/6
  2190 | D:2      | Noticed Sigmund
  2208 | D:2      | Killed Sigmund
  2818 | D:3      | Reached XP level 7. HP: 66/66 MP: 7/7
  2865 | D:3      | Found a sacrificial altar of Ru.
  2873 | D:3      | Found a transporter.
  2894 | D:3      | Found a transporter.
  2904 | D:3      | Became a worshipper of Ru the Awakened
  3022 | D:3      | Found a faded altar of an unknown god.
  3330 | D:4      | Noticed Duvessa
  3330 | D:4      | Noticed Dowan
  3341 | D:4      | Killed Duvessa
  3345 | D:4      | Killed Dowan
  3500 | D:4      | Noticed Blork the orc
  3517 | D:4      | Killed Blork the orc
  3518 | D:4      | Reached XP level 8. HP: 42/73 MP: 8/8
  3559 | D:4      | Reached skill level 9 in Axes
  3675 | D:4      | Found a staircase to the Ecumenical Temple.
  3678 | D:4      | Noticed Eustachio
  3695 | D:4      | Killed Eustachio
  3786 | D:4      | Identified the +1 robe of Vyq Haqe {rF+ Will++}
  3904 | D:4      | Reached skill level 14 in Axes
  3904 | D:4      | Reached XP level 9. HP: 81/81 MP: 9/9
  4032 | D:4      | Gained mutation: You cannot study or cast Poison magic. [Ru
                  | sacrifice]
  4032 | D:4      | Gained mutation: You cannot study or cast Transmutations
                  | magic. [Ru sacrifice]
  4032 | D:4      | Gained mutation: You cannot study or cast Translocations
                  | magic. [Ru sacrifice]
  4032 | D:4      | Reached * piety under Ru
  4280 | D:4      | Identified the cursed +3 hand axe of the Inquisitive Towns
                  | {vorpal, rElec rPois Will- Str+7}
  4624 | D:4      | Found Ythrioto's General Store.
  4635 | D:4      | Bought a potion of curing for 36 gold pieces
  4635 | D:4      | Bought a potion of flight for 36 gold pieces
  4635 | D:4      | Bought a potion of brilliance for 48 gold pieces
  4635 | D:4      | Bought a potion of haste for 120 gold pieces
  4851 | D:5      | Entered Level 5 of the Dungeon
  5213 | D:5      | Found a burning altar of Makhleb.
  5398 | D:5      | Identified the Disquisition on Slavery
  5907 | D:6      | Reached XP level 10. HP: 88/88 MP: 10/10
  5995 | D:6      | Reached skill level 5 in Dodging
  6512 | D:7      | Found Uxkoira's Armour Emporium.
  6521 | D:7      | Got a steaming war axe
  6522 | D:7      | Identified the +7 war axe of Amorality {flame, Int+3} (You
                  | found it on level 7 of the Dungeon)
  6695 | D:7      | Reached skill level 15 in Axes
  7001 | D:7      | Gained mutation: You are frail. (-10% HP) [Ru sacrifice]
  7001 | D:7      | Reached ** piety under Ru
  7001 | D:7      | Reached *** piety under Ru
  7023 | D:8      | Found Cotumez's Changing Room.
  7058 | D:8      | Bought a potion of mutation for 128 gold pieces
  7242 | D:8      | Found a blossoming altar of Fedhas.
  7398 | D:8      | Found an iron altar of Okawaru.
  7398 | D:8      | Found a glowing silver altar of Zin.
  7398 | D:8      | Found a white marble altar of Elyvilon.
  7398 | D:8      | Found a broken altar of Ashenzari.
  7428 | D:8      | Found a radiant altar of Vehumet.
  7428 | D:8      | Found a blossoming altar of Fedhas.
  7542 | D:8      | Found a staircase to the Lair.
  7673 | Lair:1   | Entered Level 1 of the Lair of Beasts
  7681 | Lair:1   | Identified a scroll of acquirement
  7681 | Lair:1   | Acquired the +8 orange crystal plate armour {Archmagi,
                  | Int+3 Clar}
  7682 | Lair:1   | Found the +8 orange crystal plate armour {Archmagi, Int+3
                  | Clar}
  7707 | Lair:1   | Noticed a cane toad
  7714 | Lair:1   | Killed a cane toad
  7723 | Lair:1   | Noticed a black mamba
  7724 | Lair:1   | Noticed a four-headed hydra
  7728 | Lair:1   | Killed a black mamba
  7730 | Lair:1   | Noticed a cane toad
  7733 | Lair:1   | Killed a one-headed hydra
  7734 | Lair:1   | Reached XP level 11. HP: 53/85 MP: 11/11
  7748 | Lair:1   | HP: 4/85 [poisoned by a cane toad]
  7753 | Lair:1   | HP: 3/85 [poisoned by a cane toad]
  7758 | Lair:1   | HP: 3/85 [poisoned by a cane toad]
  7765 | Lair:1   | HP: 4/85 [poisoned by a cane toad]
  8171 | Lair:1   | Noticed a four-headed hydra
  8177 | Lair:1   | Killed a one-headed hydra
  8178 | Lair:1   | Noticed a four-headed hydra
  8185 | Lair:1   | Killed a one-headed hydra
  8352 | Lair:1   | Reached skill level 16 in Axes
  8360 | Lair:1   | Gained mutation: You are clumsy. (Dex -2) [Ru sacrifice]
  8659 | Lair:1   | Reached skill level 10 in Shields
  8964 | Lair:2   | Noticed Urug
  8973 | Lair:2   | Killed Urug
  9057 | Lair:2   | Noticed a death yak
  9058 | Lair:2   | Noticed a death yak
  9059 | Lair:2   | Noticed a death yak
  9060 | Lair:2   | Noticed a death yak
  9061 | Lair:2   | Noticed a death yak
  9061 | Lair:2   | Noticed a death yak
  9094 | Lair:2   | Killed a death yak
  9095 | Lair:2   | Reached skill level 1 in Evocations
  9109 | Lair:2   | Killed a death yak
  9110 | Lair:2   | Reached XP level 12. HP: 92/92 MP: 12/12
  9145 | Lair:2   | Killed a death yak
  9147 | Lair:2   | Killed a death yak
  9158 | Lair:2   | Slain by a death yak

Illustrated notes

Levels and vault maps discovered:
D:1:      wheals_arrival_linesprint, layout_basic
D:2:      layout_loops_ring, lemuel_round_altar, uniq_robin, uniq_sigmund
D:3:      layout_rooms, gammafunk_temple_overflow_arena,
          chequers_ecumenical_altar_lobes
D:4:      cheibrodos_barr_body, layout_gridville,
          minmay_temple_entry_enclosed_plants, serial_shops, shop,
          uniq_blork_the_orc, uniq_duvessa, uniq_eustachio
D:5:      layout_basic, lemuel_crystal_altar
D:6:      layout_gridville
D:7:      layout_basic, serial_shops, shop, kennysheep_generic_room_5
D:8:      layout_rooms, minmay_overflow_temple_hex, david_lair_generic,
          basic_altar, kennysheep_big_empty_room, nicolae_transmutations_shop
Lair:1:   layout_regular_city, hangedman_lair_unloving_vines, grunt_megastairs_5
Lair:2:   layout_gridlike, gammafunk_ghost_hydra_chop, uniq_urug

Skill      XL: |  1  2  3  4  5  6  7  8  9 10 11 12 |
---------------+-------------------------------------+-----
Axes           | 3 4 5 8 14 15 16 | 16.0
Shields        | 4 6 7 9 10 | 10.3
Fighting       | 7 8 |  8.9
Armour         | 6 7 9 |  9.4
Dodging        | 4 5 6 |  6.7
Evocations     | 1 2 |  2.1

Action                   |  1- 3 |  4- 6 |  7- 9 | 10-12 || total
-------------------------+-------+-------+-------+-------++-------
Melee: War axe           |    74 |   152 |   148 |   173 ||   547
       Hand axe          |       |       |   175 |   213 ||   388
Invok: Sacrifice Arcana  |       |       |     1 |       ||     1
       Sacrifice Health  |       |       |       |     1 ||     1
       Sacrifice Purity  |       |       |       |     1 ||     1
Evoke: Phantom mirror    |       |       |       |     1 ||     1
  Use: Potion            |       |     1 |     5 |     3 ||     9
       Scroll            |       |       |    13 |     8 ||    21
 Stab: Distracted        |       |       |       |     1 ||     1
Armor: Scale mail        |    40 |    53 |    89 |    65 ||   247
Dodge: Dodged            |    23 |    53 |    84 |    90 ||   250
Block: Kite shield       |    40 |    83 |   140 |   137 ||   400
